 Dungeon Crawl Stone Soup version 0.25-a0-861-g340c9e8194 (webtiles) character file.

Game seed: 9793632207963723263, levelgen mode: deterministic

39 Esekla the Charmwright (level 3, -1/20 HPs)
             Began as a Deep Elf Skald on Apr 29, 2020.
             Slain by Duvessa
             ... wielding a +0 short sword of venom
              (6 damage)
             ... on level 4 of the Dungeon.
             The game lasted 00:09:38 (915 turns).

Esekla the Charmwright (Deep Elf Skald)              Turns: 915, Time: 00:09:38

Health: -1/20      AC:  8    Str:  8    XL:     3   Next: 26%
Magic:  7/10       EV: 13    Int: 17    God:
Gold:   188        SH:  0    Dex: 15    Spells: 2/10 levels left

rFire    . . .     SeeInvis .   a - +0 falchion
rCold    . . .     Gourm    .   (no shield)
rNeg     . . .     Faith    .   b - +0 leather armour
rPois    .         Spirit   .   (no helmet)
rElec    .         Reflect  .   (no cloak)
rCorr    .         Harm     .   (no gloves)
MR       +....                  (no boots)
Stlth    +.........             (no amulet)
HPRegen  0.06/turn              k - ring of protection from magic
MPRegen  0.12/turn              (no ring)

@: lethally poisoned (-1 -> -23), icy armour
A: no striking features
a: no special abilities


You were on level 4 of the Dungeon.
You were hungry.

You visited 1 branch of the dungeon, and saw 4 of its levels.

You collected 188 gold pieces.

Inventory:

Hand Weapons
 a - a +0 falchion (weapon)
Missiles
 l - 7 curare-tipped darts
 n - 8 silver boomerangs (quivered)
Armour
 b - a +0 leather armour (worn)
Jewellery
 k - a ring of protection from magic (left hand)
Scrolls
 e - 3 scrolls of identify
 f - a scroll of fog {unknown}
 g - a scroll of enchant weapon {unknown}
 h - a scroll of immolation {unknown}
 o - a scroll of fear {unknown}
 p - a scroll of remove curse {unknown}
Potions
 c - a potion of might {unknown}
 i - a potion of degeneration
 j - a potion of haste {unknown}
 m - a potion of curing {unknown}
Comestibles
 d - 7 rations


   Skills:
 - Level 1.5 Fighting
 + Level 2.3 Long Blades
 - Level 0.7 Armour
 * Level 3.0 Dodging
 * Level 4.0 Spellcasting
 - Level 4.4 Charms
 * Level 0.6 Translocations


You had 2 spell levels left.
You knew the following spells:

 Your Spells              Type           Power        Failure   Level  Hunger
a - Ozocubu's Armour      Chrm/Ice       ##......     26%         3    ###....
b - Shroud of Golubria    Chrm/Tloc      ##....       12%         2    ##.....
c - Song of Slaying       Chrm           ###.....     5%          2    ##.....
d - Infusion              Chrm           ###.         3%          1    None

Your spell library contained the following spells:

 Spells                   Type           Power        Failure   Level  Hunger
 Spectral Weapon          Hex/Chrm       ##......     26%         3    ###....


Dungeon Overview and Level Annotations

Branches:
Dungeon (4/15)
 Temple: D:4-7

Altars:

Shops:
D:4 %}

Annotations:
D:4 Dowan, Duvessa


Message History

Ouch! That really hurt!
You are lethally poisoned!
Dowan casts a spell.
Dowan blinks!
Okay, then.
Casting: Ozocubu's Armour (dangerous; 26% risk of failure)
Confirm with . or Enter, or press ? or * to list all spells.
A film of ice covers your body!
* * * LOW HITPOINT WARNING * * *
You feel sick. Duvessa hits you but does no damage.
You are more poisoned.
Dowan mumbles some strange words.
Dowan blinks!
As you read the scroll labeled QAT YMILAU, it crumbles to dust.
It is a scroll of identify.
i - a potion of degeneration
* * * LOW HITPOINT WARNING * * *
You feel sick.
Duvessa says, "Where magic fails, the sword succeeds!"
Duvessa hits you with a +0 short sword of venom.
You die...

....... ... #.....###.#
#.......#.#
######.........#
#........##.∩..#
#.....#........# ###+#
#.....+.<.###..#
#.....###.e...###.#....#
#....he@'...............
#...§.###.......#...#..#
#.... #.......##........
#... #.#.....##...#####
##. #+###.####...'.... #
#.# #...##### #.#
#......# +.# #....#.#
#......##


You could see Duvessa, Dowan and a hound.

Vanquished Creatures
  An adder (D:3)
  2 leopard geckos
  2 ball pythons (D:1)
  3 bats
  2 giant cockroaches
  4 goblins
  2 hobgoblins (D:1)
  A quokka (D:4)
  4 kobolds (D:1)
  6 rats (D:1)
  A plant (D:1)
28 creatures vanquished.

Notes
Turn   | Place    | Note
-------+----------+-------------------------------------------
     0 | D:1      | Esekla the Deep Elf Skald began the quest for the Orb.
     0 | D:1      | Reached XP level 1. HP: 12/12 MP: 6/6
   161 | D:1      | Reached XP level 2. HP: 16/16 MP: 8/8
   173 | D:1      | Learned a level 2 spell: Shroud of Golubria
   176 | D:1      | Learned a level 2 spell: Song of Slaying
   619 | D:3      | Reached XP level 3. HP: 20/20 MP: 1/10
   624 | D:3      | Learned a level 3 spell: Ozocubu's Armour
   698 | D:4      | Noticed an ogre
   776 | D:4      | Found Qaow's Gadget Boutique.
   871 | D:4      | Found Ariabbal's Food Boutique.
   912 | D:4      | Noticed Duvessa
   912 | D:4      | Noticed Dowan
   915 | D:4      | Slain by Duvessa

Levels and vault maps discovered:
D:1:      wander_arrival_fairy_ring, layout_rooms, minmay_misc_feat_plants,
          minmay_fountain_box, grunt_decor_mini_mirrors
D:2:      layout_loops_cross, minmay_tetromino_l2
D:3:      layout_loops_ring, first_ration
D:4:      layout_basic, serial_shops, shop_coins, shop, shop,
          nicolae_shop_trees, kennysheep_little_box,
          chequers_serial_rivers_large_a, ebering_dispersal_statue_hall,
          uniq_duvessa

Skill      XL: |  1  2 |
---------------+-------+-----
Long Blades    | 2 |  2.3
Dodging        | 3 |  3.0
Spellcasting   | 4 |  4.0
Fighting       | |  1.5
Armour         | |  0.7
Charms         | |  4.4
Translocations | |  0.6

Action                   || total
-------------------------++-------
Melee: Falchion          ||   143
 Cast: Infusion          ||     6
       Shroud of Golubri ||     7
       Song of Slaying   ||     1
       Ozocubu's Armour  ||     2
  Use: Scroll            ||     1
Armor: Leather armour    ||    16
Dodge: Dodged            ||    53
       Rpst.: Falchion   ||    19

Table legend:
 A = Non-vault XP
 B = Vault XP
 C = Vault XP percentage of total XP
 D = Non-vault monster count
 E = Vault monster count
 F = Vault count percentage of total count
                 A         B        C        D         E       F
            +---------+---------+-------+---------+---------+-------
      Total |      56 |       0 |   0.0 |      27 |       0 |   0.0
            +---------+---------+-------+---------+---------+-------
        D:1 |      33 |       0 |   0.0 |      21 |       0 |   0.0
        D:2 |       5 |       0 |   0.0 |       2 |       0 |   0.0
        D:3 |      16 |       0 |   0.0 |       3 |       0 |   0.0
        D:4 |       2 |       0 |   0.0 |       1 |       0 |   0.0
            +---------+---------+-------+---------+---------+-------
